Unix NetHack Version 3.7.0-90 Work-in-progress - last build Dec 4 2023 15:25:40 (a4ad6ea61a8c493010e15c9251bbb19a34919cb7,branch:master). Game began 2023-12-08 18:45:48, ended 2024-01-06 19:51:44. spontiff, neutral male gnomish Healer }}}}}}}} }}}}}}}}}}}}}}}}}}}}}}}}}}}}}}} }}}}} }}}}}}}}} }}}}}}}}}}}}}.}}}}}}}}}}}}}} }}}} }}}}}..}}}.# .}}}}}}}}.#..}}}}}}}}}}}}} .... }..}}}.... . }}}}}}}...}}}}}}}}}}}}}# ....# }}} #.}...}..} #.#.}}}}}}.}}}}}}} ...}}.. }}}}}..# }}}}.}..}}}}}}}.#O.[%.}}}}}}}}}}}..#.}}}}.# }}.}}}}}.. }}} }}}}}}}}}}}}}..#..}}}}}}}}}}}}}}..}}}}}. -----+- # }}}....} }}}}}}} }}}}}}}....}}}}}}}...}}.}}}}}}}}}} . .... # .}}}}}.# }}}}}}}}}}} }..}}}}}}}}}}}.#...}}}}}}}}.# .#.k. # ..@}}}}}}}}}}}}}.}}}}}} #...}} #}}}}}}}}}}}...)}}}}}}}}}}#}}}}}.#}}...}}}}}}}}}}}}}}.".}}}} .......}}}}}}..}}}}}}}}}.}}}}}}}}}}}}}}}}}}}}}}}}}}}}}}.}}}.}}.# }}}}}...}}}}}}}}}}}}}}}}}}}#.}}}}}}}}}}}}}}}}.# ...... #..}}}}}}}}}}}}}#.}}}}}}}}..}}}}}}}}}}}.....----- }}. .....}}}#.}}}}.....}}}}}}.# }}}}}}}}}}}}..#.|...| | #.}}} #......}}}}..#..}}.}}}.}}...}}}}}.#.....-@@.| -....}}}}}}}}} #..}}}}}...}}}}}.....# }}}}....N.#..|...| #.}}}}}}}}}}}..}}}}..#.}}}}}}".)# ..# # }..----- #%}}}}}}}}}}}}}}}}}}}}<.}}}}}}}}.}}}...}}}}}}}.}}}}}......}}}}}}} }}}}}}}}}}.}}}}}}}}}}}}}}}}}}}}}}}}}}}}}}}}}}}}.}}}}}}}}}}}}}}}}}}}}}}}}}}}} }}}}}}}}}}}}}}}}}}}}}}}}}}}}}}}}}}}}}}}}}}}}}}}}}}}}}}}}}}}}}}}}}}}}}}}}}}}} Spontiff the Rhizotomist St:18/24 Dx:10 Co:18 In:13 Wi:17 Ch:16 Neutral S:8300 Dlvl:23 $:105 HP:0(121) Pw:0(0) AC:-31 Xp:2/20 T:50985 Latest messages: What do you want to call this dungeon level? levelporters The soldier ant misses! The soldier ant misses! $ - 105 gold pieces. What do you want to use or apply? [cfkostwxzDST or ?*] s In what direction? u You hear nothing special. What do you want to use or apply? [cfkostwxzDST or ?*] s In what direction? l You hear nothing special. The soldier ant misses! The soldier ant misses! What do you want to use or apply? [cfkostwxzDST or ?*] s In what direction? n You hear nothing special. What do you want to use or apply? [cfkostwxzDST or ?*] w In what direction? k The soldier ant fails to notice your mirror. The soldier ant misses! The soldier ant just misses! The soldier ant bites! The soldier ant misses! The soldier ant misses! The soldier ant misses! What do you want to use or apply? [cfkostwxzDST or ?*] s In what direction? l You hear a hollow sound. This must be a secret door! The door opens. In what direction? h The door closes. The ettin mummy swings wildly and misses! What do you want to use or apply? [cfkostwxzDST or ?*] s In what direction? j Status of the ettin mummy (chaotic, huge): Level 10 HP 50(50) AC 4. The yeti opens a door. There are several objects here. What do you want to put on? [t or ?*] t You are now wearing a towel named Need Di StTC around your head. You can't see any more. #huh: unknown extended command. What do you want to remove? [t or ?*] t You were wearing an uncursed towel named Need Di StTC. You can see again. Something is engraved here on the stairs. You read: "MEDUSA". You climb up the stairs. You meet Medusa's gaze. You turn to stone... Do you want your possessions identified? [ynq] (y) y Do you want to see the dungeon overview? [ynq] (y) y Inventory: Coins $ - 105 gold pieces Armor h - an uncursed rusty +1 dwarvish iron helm (being worn) g - an uncursed +1 pair of leather gloves (being worn) v - an uncursed +0 pair of elven boots (being worn) r - an uncursed +0 small shield (being worn) q - an uncursed +2 elven cloak (being worn) d - a blessed +3 gray dragon scale mail (being worn) Comestibles y - an uncursed apple V - an uncursed cram ration n - 2 uncursed food rations m - an uncursed sprig of wolfsbane i - an uncursed lizard corpse Wands D - an uncursed wand of digging (0:0) S - an uncursed wand of sleep (1:6) T - a cursed wand of teleportation (0:8) Tools f - a blessed bag of holding containing 76 items z - an uncursed leash w - an uncursed mirror x - an uncursed oil lamp k - an uncursed skeleton key s - an uncursed stethoscope o - an uncursed tin whistle t - an uncursed towel named Need Di StTC c - a blessed +0 unicorn horn Gems/Stones E - an uncursed jacinth stone l - a blessed luckstone Contents of the bag of holding: 882 gold pieces an uncursed +0 small shield a blessed +1 mummy wrapping an uncursed burnt +0 robe a cursed +0 robe 3 uncursed food rations an uncursed sprig of wolfsbane 3 uncursed lizard corpses 7 blessed scrolls of blank paper 2 uncursed scrolls of blank paper 2 cursed scrolls of blank paper 3 uncursed scrolls of earth 2 uncursed scrolls of enchant armor an uncursed scroll of identify a cursed scroll of identify 2 uncursed scrolls of remove curse an uncursed scroll of scare monster a blessed scroll of stinking cloud a blessed scroll of taming an uncursed scroll of teleportation an uncursed spellbook of charm monster an uncursed potion of acid a blessed potion of enlightenment an uncursed potion of extra healing 3 uncursed diluted potions of extra healing an uncursed potion of fruit juice an uncursed potion of gain energy an uncursed potion of levitation an uncursed diluted potion of monster detection an uncursed potion of object detection 3 potions of holy water a potion of unholy water a cursed -1 ring of increase accuracy a blessed +1 ring of increase damage an uncursed ring of protection from shape changers an uncursed ring of sustain ability an uncursed ring of teleportation an uncursed wand of create monster (0:8) an uncursed wand of lightning (0:2) an uncursed wand of magic missile (0:4) an uncursed wand of magic missile (0:4) an uncursed wand of make invisible (0:2) an uncursed wand of make invisible (0:1) an uncursed wand of probing (0:7) an uncursed wand of probing (0:2) an uncursed wand of speed monster (0:5) an uncursed wand of speed monster (0:5) an uncursed wand of striking (0:8) an uncursed wand of striking (0:7) an uncursed wand of striking (0:7) an uncursed wand of striking (0:7) an uncursed wand of striking (0:6) an uncursed wand of striking (0:6) an uncursed wand of striking (0:5) an uncursed wand of teleportation (0:0) an uncursed crystal ball (0:6) an uncursed magic marker (1:32) an uncursed +0 pick-axe a blessed tinning kit (0:29) an uncursed +0 unicorn horn an uncursed agate stone 2 uncursed amethyst stones 3 uncursed aquamarine stones an uncursed black opal 2 uncursed diamonds 3 uncursed emeralds an uncursed garnet stone an uncursed jet stone 2 uncursed obsidian stones 2 uncursed rubies 4 uncursed topaz stones an uncursed worthless piece of black glass an uncursed worthless piece of blue glass a cursed worthless piece of green glass an uncursed worthless piece of white glass 2 uncursed worthless pieces of yellow glass Spontiff the Healer's attributes: Background: You were a Rhizotomist, a level 2 male gnomish Healer. You were neutral, on a mission for Hermes who was opposed by Athena (lawful) and Poseidon (chaotic). You were right-handed. You were in the Dungeons of Doom, on level 23. You entered the dungeon 50985 turns ago. You had 20 experience points, 20 more were needed to attain level 3. Your score was 8300 before end-of-game adjustments. Basics: You had 0 out of 121 hit points. You had no energy points (spell power). Your armor class was -31. Your wallet contained 105 zorkmids, and you had 882 more stashed away in your pack. Autopickup was on for '$!/="?' plus thrown, with exceptions. Final Characteristics: Your strength was 18/24 (limit:18/50). Your dexterity was 10 (limit:18). Your constitution was 18 (limit:18). Your intelligence was 13 (limit:19). Your wisdom was 17 (limit:18). Your charisma was 16 (limit:18). Final Status: You weren't hungry. You were unencumbered. You were empty handed. You were unskilled in bare handed combat. Final Attributes: You were piously aligned. You were magic-protected. You were fire resistant. You were cold resistant. You were sleep resistant. You were shock resistant. You were poison resistant. You saw invisible. You were telepathic. You had infravision. You were invisible to others. You were stealthy. You had a huge defense bonus (+20). You were warded. You were fast. You were extremely lucky. You had extra luck. Good luck did not time out for you. You are dead. Miscellaneous: You never encountered a bones level. Total elapsed playing time was 20 hours, 13 minutes and 32 seconds. Major events: Turn 1: spontiff the neutral male gnomish Healer entered the dungeon 673: entered the Gnomish Mines 1339: made his first wish - "holy +3 gray dragon scale mail", got "a gray dragon scale mail" 2378: reached Mine Town 5545: entered Sokoban 9188: completed 1st Sokoban level 10066: completed 2nd Sokoban level 10527: completed 3rd Sokoban level 11990: completed 4th Sokoban level 12121: acquired the Sokoban bag of holding 16107: acquired the Mines' End luckstone 16284: Enniscorthy, the rare books proprietrix, has been killed 16406: Izchak, the lighting store proprietor, has been killed 17998: wished for "holy spellbook of identify", got "a leathery spellbook" 18076: the Oracle has been killed 32456: Renrut, the hardware store proprietor, has been killed 50985: petrified by Medusa Vanquished creatures: a white dragon a hell hound a baby blue dragon 3 shopkeepers the Oracle 2 aligned clerics a black pudding a lieutenant a watch captain 8 ghosts 2 queen bees 2 giant mimics 4 fire giants 2 flesh golems 3 elven monarchs 3 large mimics a wumpus a stalker an air elemental an earth elemental 2 hill giants 2 xorns 5 giant zombies 2 elf-nobles 5 sergeants a water demon 4 wargs 8 small mimics a glass piercer 4 warhorses 3 xans 2 ogre leaders 3 quantum mechanics a troll 2 wood golems a djinni 4 gelatinous cubes 6 large dogs 2 freezing spheres 2 shocking spheres 2 large cats 8 tigers 6 gargoyles 2 dwarf rulers 3 tengu 4 ochre jellies 5 leocrottas an energy vortex a mountain centaur 2 elf mummies 2 red nagas a python 2 pit vipers a cobra 11 wraiths a carnivorous ape 3 ettin zombies 2 Grey-elves 25 soldiers 4 watchmen 3 amorous demons 2 chameleons 9 giant beetles 2 quivering blobs 5 wolves 5 winter wolf cubs 4 lynxes a panther 3 gremlins 3 spotted jellies 44 leprechauns 4 iron piercers 9 giant spiders 3 scorpions 2 horses an ice vortex a black light 2 vampire bats a forest centaur 2 gnome rulers 2 orc mummies a dwarf mummy 5 ogres a brown pudding 2 rust monsters 2 owlbears 3 yetis 4 werewolves 6 Green-elves 11 lizards 4 dingoes 2 housecats a jaguar 2 dwarf leaders 7 white unicorns 4 gray unicorns a black unicorn 2 dust vortices 18 ravens 2 plains centaurs 3 gnome mummies 5 snakes 2 water moccasins 4 apes 6 human zombies 6 rope golems 9 Woodland-elves 7 soldier ants 2 fire ants 3 bugbears 2 imps 3 quasits 6 wood nymphs 7 water nymphs 7 mountain nymphs 6 Mordor orcs 4 Uruk-hai 3 orc shamans 8 rock piercers 9 rock moles 7 ponies 8 fog clouds 10 yellow lights 5 shriekers 4 violet fungi 13 gnome leaders 5 gnomish wizards 5 kobold mummies 4 red naga hatchlings 4 gray oozes 8 elf zombies 6 ghouls a straw golem 3 paper golems a jellyfish 15 giant ants 3 little dogs 12 floating eyes 4 kittens 25 dwarves 11 homunculi 7 kobold leaders 4 kobold shamans 20 hill orcs 15 rothes 8 rabid rats 2 centipedes 10 giant bats 3 monkeys 8 orc zombies 3 dwarf zombies 8 wererats 4 werejackals 21 iguanas 41 killer bees 10 acid blobs 9 coyotes 8 gas spores 16 hobbits 11 manes 6 large kobolds 7 hobgoblins 18 giant rats 14 cave spiders 2 brown molds 7 yellow molds 8 green molds 6 red molds 25 gnomes 6 garter snakes 11 gnome zombies 28 geckos 48 jackals 5 foxes 6 kobolds 16 goblins 8 sewer rats 32 grid bugs 7 bats 26 lichens 10 kobold zombies 59 newts 1191 creatures vanquished. No species were genocided or became extinct. Voluntary challenges: You never hit with a wielded weapon. You were a pacifist. You read items or engraved 38 times. You never engraved Elbereth. You never genocided any monsters. You never polymorphed an object. You never changed form. You used 2 wishes. You did not wish for any artifacts. You violated the special Sokoban rules twice. Achievements: You entered the Gnomish Mines. You entered Minetown. You entered a shop. You entered a temple. You entered Sokoban. You completed Sokoban. You completed the Gnomish Mines. The Dungeons of Doom: levels 1 to 27 Level 1: An altar to Hermes. Level 2: Stairs down to The Gnomish Mines. Level 3: Level 4: Level 5: Many altars. Level 6: Level 7: Oracle of Delphi. Level 8: Stairs up to Sokoban, level 7. Level 9: Level 10: Level 11: Level 12: "Polytrap" Level 13: Level 14: "Black and D in Home" Summoned by Hippocrates. Portal to The Quest. Level 15: "Stash" An altar to Hermes. Level 16: Level 17: "levelporter" An untended shop. Level 18: A primitive area. Level 19: "levelporter" Level 20: Level 21: A temple and an altar. Level 22: Level 23: <- You were here. Many trees. Final resting place for you, petrified by Medusa. Level 24: "levelporters" Level 25: Level 26: Level 27: "Castle" The Gnomish Mines: levels 3 to 11 Level 3: "magic trap" Level 4: Level 5: Level 6: Many shops, a temple and an altar. Level 7: Level 8: "Polytraps" Level 9: "magic trap" Level 10: Level 11: The Quest: Level 1: Home. Sokoban: levels 7 up to 4 Level 4: Solved. Level 5: Solved. Level 6: Solved. Level 7: Solved. Game over: ---------- / \ / REST \ / IN \ / PEACE \ / \ | spontiff | | 987 Au | | petrified by | | Medusa | | | | | | 2024 | *| * * * | * _________)/\\_//(\/(/\)/\//\/|_)_______ Goodbye spontiff the Healer... You turned to stone in The Dungeons of Doom on dungeon level 23 with 8300 points, and 987 pieces of gold, after 50985 moves. You were level 2 with a maximum of 121 hit points when you turned to stone.